TOP OF THE 1ST |
Syracuse Chiefs batting - Pitching for Colorado Springs Sky Sox : LHP Steve Ransom
|
Pitching: LHP Steve Ransom
|
|
Batting: RHB Dusty Ballard
|
0-0: Ball 1-0: Ball 2-0: Called Strike 2-1: SOLO HOME RUN (Flyball, 78XD, EV 102.5 MPH), Distance : 418 ft
|
Batting: RHB Mike Buchanan
|
0-0: SINGLE (Groundball, 4MD, EV 110.0 MPH)
|
Batting: RHB Kevin Whitenack
|
0-0: Fly out, F9 (Flyball, 89M, EV 85.0 MPH)
|
Batting: RHB Gabe Almazan
|
0-0: Ball 1-0: SINGLE (Line Drive, 8RS, EV 110.0 MPH) Mike Buchanan to second
|
Batting: LHB Alexis Cantu
|
0-0: Called Strike 0-1: Ball 1-1: Foul Ball, location: 2F 1-2: Ball 2-2: Fielders Choice at 2nd, 3-6 (Groundball, 34, EV 84.4 MPH) Mike Buchanan to third
|
Batting: RHB Jim Miske
|
0-0: Called Strike 0-1: Ball 1-1: Ball 2-1: Swinging Strike 2-2: Foul Ball, location: 2F 2-2: Ball 3-2: Foul Ball, location: 2F 3-2: Foul Ball, location: 2F 3-2: Ground out 4-3 (Groundball, 4, EV 80.0 MPH)
|
Top of the 1st over - 1 run, 3 hits, 0 errors, 2 left on base; Syracuse 1 - Colorado Springs 0 |
BOTTOM OF THE 1ST |
Colorado Springs Sky Sox batting - Pitching for Syracuse Chiefs : RHP Chris Wood
|
Pitching: RHP Chris Wood
|
|
Batting: LHB Greg Valenzuela
|
0-0: Ball 1-0: Ground out U3 (Groundball, 3, EV 89.4 MPH)
|
Batting: LHB Steve Gilliam
|
0-0: Ball 1-0: Ground out U3 (Groundball, 3L, EV 98.8 MPH)
|
Batting: RHB Maurice Moore
|
0-0: SINGLE (Groundball, P, EV 80.6 MPH) (infield hit)
|
Batting: LHB Michael Krott
|
0-0: Ball 1-0: Ball Maurice Moore is caught stealing 2nd base 2-6
|
Bottom of the 1st over - 0 runs, 1 hit, 0 errors, 0 left on base; Syracuse 1 - Colorado Springs 0 |
TOP OF THE 2ND |
Syracuse Chiefs batting - Pitching for Colorado Springs Sky Sox : LHP Steve Ransom
|
Batting: LHB Dillon Gonzalez
|
0-0: Ball 1-0: Called Strike 1-1: Called Strike 1-2: Ball 2-2: Ground out 4-3 (Groundball, 4M, EV 102.5 MPH)
|
Batting: LHB Evan Oliveri
|
0-0: Called Strike 0-1: Foul Ball, location: 2F 0-2: Foul Ball, location: 2F 0-2: Ball 1-2: Strikes out swinging
|
Batting: LHB Kyung-jin Cho
|
0-0: Ball 1-0: Ball 2-0: Called Strike 2-1: Swinging Strike 2-2: Foul Ball, location: 2F 2-2: Strikes out looking
|
Top of the 2nd over - 0 runs, 0 hits, 0 errors, 0 left on base; Syracuse 1 - Colorado Springs 0 |
BOTTOM OF THE 2ND |
Colorado Springs Sky Sox batting - Pitching for Syracuse Chiefs : RHP Chris Wood
|
Batting: LHB Michael Krott
|
0-0: Foul Ball, location: 2F 0-1: Swinging Strike 0-2: Ball 1-2: Strikes out swinging
|
Batting: RHB Mike McElroy
|
0-0: Fly out, F7 (Flyball, 7D, EV 98.8 MPH)
|
Batting: LHB Luke Coulter
|
0-0: Foul Ball, location: 2F 0-1: Ball 1-1: Ground out 6-3 (Groundball, 6M, EV 111.2 MPH)
|
Bottom of the 2nd over - 0 runs, 0 hits, 0 errors, 0 left on base; Syracuse 1 - Colorado Springs 0 |
TOP OF THE 3RD |
Syracuse Chiefs batting - Pitching for Colorado Springs Sky Sox : LHP Steve Ransom
|
Batting: RHB Dusty Ballard
|
0-0: Foul Ball, location: 2F 0-1: Ball 1-1: Ground out 5-3 (Groundball, 56S, EV 76.9 MPH)
|
Batting: RHB Mike Buchanan
|
0-0: Called Strike 0-1: Ball 1-1: Ground out 5-3 (Groundball, 5L, EV 86.9 MPH)
|
Batting: RHB Kevin Whitenack
|
0-0: Foul Ball, location: 2F 0-1: Ball 1-1: Ground out 4-3 (Groundball, 4S, EV 61.2 MPH)
|
Top of the 3rd over - 0 runs, 0 hits, 0 errors, 0 left on base; Syracuse 1 - Colorado Springs 0 |
BOTTOM OF THE 3RD |
Colorado Springs Sky Sox batting - Pitching for Syracuse Chiefs : RHP Chris Wood
|
Batting: RHB John Boyer
|
0-0: Called Strike 0-1: SINGLE (Flyball, 5D, EV 93.1 MPH)
|
Batting: RHB John Stevenson
|
0-0: Ball 1-0: Ball 2-0: Ball 3-0: Called Strike 3-1: Foul Ball, location: 2F 3-2: Base on Balls John Boyer to second
|
Batting: RHB Kevin McKasson
|
0-0: Ball 1-0: Called Strike 1-1: Ball 2-1: Ball 3-1: Fly out, F8 (Flyball, 8RS, EV 89.4 MPH)
|
Batting: LHB Greg Valenzuela
|
0-0: Ball 1-0: Called Strike 1-1: Foul Ball, location: 2F 1-2: Fly out, F8 (Flyball, 89S, EV 93.1 MPH)
|
Batting: LHB Steve Gilliam
|
0-0: Ball 1-0: Ball 2-0: Ball 3-0: Called Strike 3-1: Foul Ball, location: 2F 3-2: SINGLE (Groundball, 34D, EV 94.4 MPH) John Boyer to third John Stevenson to second John Boyer scores John Stevenson to third
|
Batting: RHB Maurice Moore
|
0-0: Ball 1-0: Fly out, F8 (Flyball, 8LXD, EV 108.1 MPH)
|
Bottom of the 3rd over - 1 run, 2 hits, 0 errors, 2 left on base; Syracuse 1 - Colorado Springs 1 |
TOP OF THE 4TH |
Syracuse Chiefs batting - Pitching for Colorado Springs Sky Sox : LHP Steve Ransom
|
Batting: RHB Gabe Almazan
|
0-0: Ball 1-0: SINGLE (Groundball, 6S, EV 71.9 MPH) (infield hit)
|
Batting: LHB Alexis Cantu
|
0-0: Ball 1-0: Called Strike 1-1: Foul Ball, location: 2F 1-2: Grounds into double play, 3-6-3 (Groundball, 3, EV 103.8 MPH)
|
Batting: RHB Jim Miske
|
0-0: Called Strike 0-1: Ball 1-1: Called Strike 1-2: Ball 2-2: Foul Ball, location: 2F 2-2: Foul Ball, location: 2F 2-2: Foul Ball, location: 2F 2-2: Strikes out swinging
|
Top of the 4th over - 0 runs, 1 hit, 0 errors, 0 left on base; Syracuse 1 - Colorado Springs 1 |
BOTTOM OF THE 4TH |
Colorado Springs Sky Sox batting - Pitching for Syracuse Chiefs : RHP Chris Wood
|
Batting: LHB Michael Krott
|
0-0: Ball 1-0: Swinging Strike 1-1: Swinging Strike 1-2: Fly out, F9 (Line Drive, 9, EV 88.1 MPH)
|
Batting: RHB Mike McElroy
|
0-0: Ball 1-0: Ball 2-0: Ball 3-0: Swinging Strike 3-1: Base on Balls
|
Batting: LHB Luke Coulter
|
0-0: Ball 1-0: Called Strike 1-1: Called Strike 1-2: Fly out, F4 (Line Drive, 4, EV 62.5 MPH)
|
Batting: RHB John Boyer
|
0-0: Ball 1-0: Ball Mike McElroy steals 2nd base 2-0: Called Strike 2-1: SINGLE (Groundball, 56D, EV 100.0 MPH) Mike McElroy to third Runner from 3rd tries for Home, SAFE, throw by LF to home
|
Batting: RHB John Stevenson
|
0-0: Ball 1-0: Foul Ball, location: 2F 1-1: Called Strike 1-2: Ground out 4-3 (Groundball, 34, EV 106.2 MPH)
|
Bottom of the 4th over - 1 run, 1 hit, 0 errors, 1 left on base; Syracuse 1 - Colorado Springs 2 |
TOP OF THE 5TH |
Syracuse Chiefs batting - Pitching for Colorado Springs Sky Sox : LHP Steve Ransom
|
Batting: LHB Dillon Gonzalez
|
0-0: Fly out, F7 (Flyball, 7LS, EV 87.5 MPH)
|
Batting: LHB Evan Oliveri
|
0-0: Called Strike 0-1: Ball 1-1: Ball 2-1: Ball 3-1: Swinging Strike 3-2: Foul Ball, location: 2F 3-2: Base on Balls
|
Batting: LHB Kyung-jin Cho
|
0-0: SINGLE (Line Drive, 6D, EV 112.5 MPH) Evan Oliveri to second Runner from 2nd tries for 3rd, SAFE, throw by CF made to third
|
Batting: RHB Dusty Ballard
|
0-0: Ball 1-0: Ball 2-0: Foul Ball, location: 2F 2-1: Fielders Choice at 2nd, 1-6 (Groundball, 13S, EV 70.0 MPH)
|
Batting: RHB Mike Buchanan
|
0-0: Ball 1-0: Called Strike 1-1: Swinging Strike 1-2: Fly out, F1 (Line Drive, P, EV 65.6 MPH)
|
Top of the 5th over - 0 runs, 1 hit, 0 errors, 2 left on base; Syracuse 1 - Colorado Springs 2 |
BOTTOM OF THE 5TH |
Colorado Springs Sky Sox batting - Pitching for Syracuse Chiefs : RHP Chris Wood
|
Batting: RHB Kevin McKasson
|
0-0: Ground out 5-3 (Groundball, 56S, EV 66.2 MPH)
|
Batting: LHB Greg Valenzuela
|
0-0: SINGLE (Line Drive, 7S, EV 85.6 MPH)
|
Batting: LHB Steve Gilliam
|
0-0: Ball Greg Valenzuela is caught stealing 2nd base 2-6 1-0: Ball 2-0: Called Strike 2-1: Foul Ball, location: 2F 2-2: Foul Ball, location: 2F 2-2: Foul Ball, location: 2F 2-2: Strikes out swinging
|
Bottom of the 5th over - 0 runs, 1 hit, 0 errors, 0 left on base; Syracuse 1 - Colorado Springs 2 |
TOP OF THE 6TH |
Syracuse Chiefs batting - Pitching for Colorado Springs Sky Sox : LHP Steve Ransom
|
Batting: RHB Kevin Whitenack
|
0-0: Swinging Strike 0-1: Ball 1-1: Ball 2-1: Called Strike 2-2: Strikes out looking
|
Batting: RHB Gabe Almazan
|
0-0: Ball 1-0: Ball 2-0: Ball 3-0: Base on Balls
|
Batting: LHB Alexis Cantu
|
0-0: Ball 1-0: Called Strike 1-1: Foul Ball, location: 2F 1-2: Strikes out swinging
|
Batting: RHB Jim Miske
|
0-0: Fly out, F8 (Flyball, 89M, EV 79.4 MPH)
|
Top of the 6th over - 0 runs, 0 hits, 0 errors, 1 left on base; Syracuse 1 - Colorado Springs 2 |
BOTTOM OF THE 6TH |
Colorado Springs Sky Sox batting - Pitching for Syracuse Chiefs : RHP Chris Wood
|
Batting: RHB Maurice Moore
|
0-0: Swinging Strike 0-1: Ball 1-1: Ball 2-1: Ball 3-1: Base on Balls
|
Batting: LHB Michael Krott
|
0-0: Called Strike 0-1: Ball 1-1: Ball 2-1: Fly out, F3 (Popup, 3SF, EV 76.9 MPH)
|
Batting: RHB Mike McElroy
|
0-0: Called Strike 0-1: Ball Pickoff Throw to First - Out! 1-3 1-1: Ball 2-1: Ground out U3 (Groundball, 34, EV 110.0 MPH)
|
Bottom of the 6th over - 0 runs, 0 hits, 0 errors, 0 left on base; Syracuse 1 - Colorado Springs 2 |
TOP OF THE 7TH |
Syracuse Chiefs batting - Pitching for Colorado Springs Sky Sox : LHP Steve Ransom
|
Batting: LHB Dillon Gonzalez
|
0-0: Ground out U3 (Groundball, 3S, EV 84.4 MPH)
|
Batting: LHB Evan Oliveri
|
0-0: Ball 1-0: Ball 2-0: Fly out, F9 (Flyball, 9LS, EV 86.9 MPH)
|
Batting: LHB Kyung-jin Cho
|
0-0: Called Strike 0-1: SINGLE (Groundball, 6MD, EV 96.9 MPH)
|
Pitching: RHP Sipi Kilpinen
|
|
Batting: RHB Dusty Ballard
|
0-0: Ball 1-0: 2-RUN HOME RUN (Flyball, 7D, EV 94.4 MPH), Distance : 375 ft
|
Batting: RHB Mike Buchanan
|
0-0: Ball 1-0: Called Strike 1-1: Ball 2-1: Foul Ball, location: 2F 2-2: Strikes out swinging
|
Top of the 7th over - 2 runs, 2 hits, 0 errors, 0 left on base; Syracuse 3 - Colorado Springs 2 |
BOTTOM OF THE 7TH |
Colorado Springs Sky Sox batting - Pitching for Syracuse Chiefs : RHP Chris Wood
|
Batting: LHB Luke Coulter
|
0-0: Called Strike 0-1: Swinging Strike 0-2: SINGLE (Groundball, 4MD, EV 96.9 MPH)
|
Batting: RHB John Boyer
|
0-0: Called Strike 0-1: Swinging Strike 0-2: Foul Ball, location: 2F 0-2: Ball 1-2: Ball 2-2: Ball 3-2: Strikes out swinging
|
Pitching: LHP Mike Alcaraz
|
|
Batting: RHB John Stevenson
|
0-0: Swinging Strike 0-1: Called Strike 0-2: Fly out, F7 (Flyball, 78M, EV 86.2 MPH)
|
Batting: RHB Kevin McKasson
|
0-0: Ball 1-0: DOUBLE (Flyball, 8LXD, EV 90.0 MPH) Luke Coulter to third Runner from 3rd tries for Home, SAFE, no throw by CF
|
Batting: LHB Greg Valenzuela
|
0-0: Called Strike 0-1: Ball 1-1: Ball 2-1: Called Strike 2-2: SINGLE (Groundball, 4S, EV 63.1 MPH) (infield hit) Kevin McKasson to third
|
Pinch Hitting: SHB Bobby Santor
|
0-0: Swinging Strike 0-1: Ground out 4-3 (Groundball, 4, EV 101.9 MPH)
|
Bottom of the 7th over - 1 run, 3 hits, 0 errors, 2 left on base; Syracuse 3 - Colorado Springs 3 |
TOP OF THE 8TH |
Syracuse Chiefs batting - Pitching for Colorado Springs Sky Sox : RHP Sipi Kilpinen
|
Now at 1B: Bobby Santor
|
|
Batting: RHB Kevin Whitenack
|
0-0: Ball 1-0: Called Strike 1-1: Swinging Strike 1-2: Foul Ball, location: 2F 1-2: Ground out U3 (Groundball, 3, EV 84.4 MPH)
|
Pinch Hitting: LHB Jae-ik Soung
|
0-0: Called Strike 0-1: Ball 1-1: Ball 2-1: Ball 3-1: Ground out 2-3 (Groundball, 2L, EV 70.0 MPH)
|
Batting: LHB Alexis Cantu
|
0-0: Ball 1-0: Ball 2-0: Called Strike 2-1: Ball 3-1: Base on Balls
|
Batting: RHB Jim Miske
|
0-0: Ball 1-0: Swinging Strike 1-1: Fly out, F9 (Flyball, 89M, EV 96.9 MPH)
|
Top of the 8th over - 0 runs, 0 hits, 0 errors, 1 left on base; Syracuse 3 - Colorado Springs 3 |
BOTTOM OF THE 8TH |
Colorado Springs Sky Sox batting - Pitching for Syracuse Chiefs : LHP Mike Alcaraz
|
Now at SS: Rafael Medina
|
|
Batting: RHB Maurice Moore
|
0-0: Ball 1-0: Ground out 5-3 (Groundball, 56, EV 85.6 MPH)
|
Pinch Hitting: RHB Eduardo Camacho
|
0-0: Ball 1-0: Swinging Strike 1-1: Called Strike 1-2: Ball 2-2: Ball 3-2: Reached on error, E4 (Groundball, 4, EV 100.0 MPH)
|
Batting: RHB Mike McElroy
|
0-0: Intentional Walk
|
Batting: LHB Luke Coulter
|
0-0: Fly out, F9 (Flyball, 9, EV 85.0 MPH)
|
Batting: RHB John Boyer
|
0-0: Ball 1-0: Ball 2-0: Fielders Choice at 2nd, 5-4 (Groundball, 56, EV 101.9 MPH)
|
Bottom of the 8th over - 0 runs, 0 hits, 1 error, 2 left on base; Syracuse 3 - Colorado Springs 3 |
TOP OF THE 9TH |
Syracuse Chiefs batting - Pitching for Colorado Springs Sky Sox : RHP Sipi Kilpinen
|
Pitching: RHP Jim Butler
|
|
Now in LF: Greg Valenzuela
|
|
Now in RF: Juan Figueroa
|
|
Batting: LHB Dillon Gonzalez
|
0-0: Called Strike 0-1: Swinging Strike 0-2: Ball 1-2: Fly out, F3 (Popup, 3, EV 68.1 MPH)
|
Batting: LHB Evan Oliveri
|
0-0: Ball 1-0: Swinging Strike 1-1: Ball 2-1: Foul Ball, location: 2F 2-2: Foul Ball, location: 2F 2-2: Fly out, F6 (Popup, 4M, EV 63.1 MPH)
|
Batting: LHB Kyung-jin Cho
|
0-0: Ground out 4-3 (Groundball, 4, EV 103.1 MPH)
|
Top of the 9th over - 0 runs, 0 hits, 0 errors, 0 left on base; Syracuse 3 - Colorado Springs 3 |
BOTTOM OF THE 9TH |
Colorado Springs Sky Sox batting - Pitching for Syracuse Chiefs : LHP Mike Alcaraz
|
Pitching: RHP Ruben Nevarel
|
|
Batting: RHB John Stevenson
|
0-0: Called Strike 0-1: Fly out, F8 (Line Drive, 8LM, EV 95.6 MPH)
|
Batting: RHB Kevin McKasson
|
0-0: Ground out 5-3 (Groundball, 56, EV 91.9 MPH)
|
Batting: LHB Greg Valenzuela
|
0-0: Foul Ball, location: 2F 0-1: Ball 1-1: Swinging Strike 1-2: Strikes out swinging
|
Bottom of the 9th over - 0 runs, 0 hits, 0 errors, 0 left on base; Syracuse 3 - Colorado Springs 3 |
TOP OF THE 10TH |
Syracuse Chiefs batting - Pitching for Colorado Springs Sky Sox : RHP Jim Butler
|
Batting: RHB Dusty Ballard
|
0-0: Called Strike 0-1: Called Strike 0-2: Strikes out swinging
|
Batting: RHB Mike Buchanan
|
0-0: Foul Ball, location: 2F 0-1: Ball 1-1: Ball 2-1: Ball 3-1: Ground out 5-3 (Groundball, 56, EV 86.9 MPH)
|
Batting: RHB Kevin Whitenack
|
0-0: Ball 1-0: Ball 2-0: Called Strike 2-1: Ball 3-1: Base on Balls
|
Batting: RHB Rafael Medina
|
0-0: Called Strike 0-1: Called Strike Kevin Whitenack steals 2nd base 0-2: Ball 1-2: Ball 2-2: SINGLE (Groundball, 13S, EV 67.5 MPH) (infield hit) Kevin Whitenack to third
|
Batting: LHB Alexis Cantu
|
0-0: Called Strike Rafael Medina steals 2nd base (no throw) 0-1: Ball 1-1: Intentional Walk
|
Batting: RHB Jim Miske
|
0-0: SINGLE (Groundball, 56D, EV 102.5 MPH) Kevin Whitenack scores Rafael Medina to third Alexis Cantu to second
|
Batting: LHB Dillon Gonzalez
|
0-0: Foul Ball, location: 2F 0-1: Swinging Strike 0-2: Strikes out swinging
|
Top of the 10th over - 1 run, 2 hits, 0 errors, 3 left on base; Syracuse 4 - Colorado Springs 3 |
BOTTOM OF THE 10TH |
Colorado Springs Sky Sox batting - Pitching for Syracuse Chiefs : RHP Ruben Nevarel
|
Pitching: LHP Kerry Baty
|
|
Batting: SHB Bobby Santor
|
0-0: Called Strike 0-1: Ball 1-1: Ball 2-1: Swinging Strike 2-2: Strikes out swinging
|
Batting: RHB Maurice Moore
|
0-0: Ball 1-0: Fly out, F7 (Flyball, 7, EV 93.1 MPH)
|
Batting: RHB Juan Figueroa
|
0-0: Called Strike 0-1: Called Strike 0-2: Ball 1-2: Ball 2-2: Foul Ball, location: 2F 2-2: SINGLE (Groundball, 56S, EV 67.5 MPH) (infield hit)
|
Batting: RHB Mike McElroy
|
0-0: Called Strike 0-1: Swinging Strike 0-2: Ball 1-2: Strikes out swinging
|
Bottom of the 10th over - 0 runs, 1 hit, 0 errors, 1 left on base; Syracuse 4 - Colorado Springs 3 |
|